 Dungeon Crawl Stone Soup version 0.30.1 (webtiles) character file.

Game seed: 8023991986752963639

60 Fecro the Sneak (level 3, 0/18 HPs)
             Began as a Spriggan Brigand on July 4, 2023.
             Killed from afar by an orc wizard (7 damage)
             ... with a magic dart
             ... on level 2 of the Dungeon.
             The game lasted 00:05:10 (1096 turns).

Fecro the Sneak (Spriggan Brigand)                  Turns: 1096, Time: 00:05:10

Health: 0/18       AC:  4    Str:  7    XL:     3   Next: 82%
Magic:  4/4        EV: 16    Int: 12    God:
Gold:   102        SH:  0    Dex: 18    Spells: 2/2 levels left

rFire   . . .        a - +2 dagger
rCold   . . .        (no shield)
rNeg    . . .        b - +1 robe
rPois   .            (helmet restricted)
rElec   .            c - +0 cloak
rCorr   .            (gloves unavailable)
SInv    +            (boots unavailable)
Will    .....        (no amulet)
Stlth   ++           (no ring)
HPRegen 0.23/turn    (no ring)
MPRegen 0.09/turn

%: no passive effects
@: confused, very quick
A: very small, no large weapons, unfitting armour, see invisible, speed 3
a: no special abilities


You were on level 2 of the Dungeon.
You visited 1 branch of the dungeon, and saw 2 of its levels.

You collected 102 gold pieces.

Inventory:

Hand Weapons
 a - a +2 dagger (weapon)
 k - a +0 sling
Missiles
 d - 18 poisoned darts (quivered)
 e - 3 curare-tipped darts
 f - 29 stones
Armour
 b - a +1 robe (worn)
 c - a +0 cloak (worn)
Scrolls
 j - a scroll of amnesia {unknown}
 l - 2 scrolls of fear
Potions
 g - a potion of magic {unknown}
 h - a potion of lignification {unknown}
 i - a potion of flight {unknown}


   Skills:
 + Level 1.7 Fighting
 + Level 2.4 Short Blades
 * Level 2.3 Throwing
 + Level 1.6 Dodging
 * Level 7.6 Stealth


You had 2 spell levels left.
You didn't know any spells.
Your spell library contained the following spells:

 Spells                   Type           Power      Damage    Failure   Level
 Slow                     Hex            0%         N/A       32%         1
 Confusing Touch          Hex            0%         N/A       69%         3
 Vampiric Draining        Necr           0%         2d6       69%         3


Dungeon Overview and Level Annotations

Branches:
Dungeon (2/15)

Altars:


Innate Abilities, Weirdness & Mutations

You are very small and have problems with some larger weapons.
You are too small for most types of armour.
You have supernaturally acute eyesight. (SInv)
You cover ground extremely quickly. (Speed+++)


Message History

You closely miss the orc.
The orc is lightly wounded.
The orc hits you with a +0 short sword.
You hit the orc but do no damage.
The orc is lightly wounded.
The orc closely misses you.
You hit the orc but do no damage.
The orc is lightly wounded.
The orc closely misses you.
You hit the orc but do no damage.
The orc is lightly wounded.
The orc closely misses you.
You hit the orc but do no damage.
The orc is lightly wounded.
The orc barely misses you.
You hit the orc.
The orc is heavily wounded.
The orc misses you.
You hit the orc.
The orc is almost dead.
The orc completely misses you.
You hit the orc.
You kill the orc!
You throw a poisoned dart.
The poisoned dart misses the orc wizard.
You barely miss the orc wizard.
The orc wizard is severely wounded.
The orc wizard points at you and mumbles some strange words.
The puff of flame hits you.
You throw a poisoned dart. The poisoned dart hits the orc wizard.
The orc wizard is severely wounded.
The orc wizard gestures at you while chanting.
The magic dart hits you. The orc wizard casts a spell at you.
You are confused.
You bump into the rock wall.
You bump into the rock wall.
The orc wizard gestures at you while chanting.
The magic dart hits you!
You die...

#.# #.# #.# #.#
#####.# #.# #.....#
#.# #.##### #.. #.#
# #.###### ###.###
#.....)######.......
######>...@ooo#
########.o.# #.## .#
#


You could see an orc wizard (invisible) and 3 orcs.

Vanquished Creatures
  Jessica (D:2)
  A dart slug (D:1)
  An orc (D:2)
  2 ball pythons
  4 endoplasms
  2 giant cockroaches (D:1)
  4 goblins
  A hobgoblin (D:1)
  2 jackals (D:1)
  4 bats
  2 frilled lizards (D:1)
  5 kobolds
  A rat (D:1)
30 creatures vanquished.

Notes
Turn   | Place    | Note
-------+----------+-------------------------------------------
     0 | D:1      | Fecro the Spriggan Brigand began the quest for the Orb.
     0 | D:1      | Reached XP level 1. HP: 10/10 MP: 2/2
    33 | D:1      | Reached skill level 6 in Stealth
   117 | D:1      | Reached XP level 2. HP: 14/14 MP: 3/3
   198 | D:1      | Found a faded altar of an unknown god.
   376 | D:1      | Reached skill level 7 in Stealth
   825 | D:2      | Noticed Jessica
   826 | D:2      | Killed Jessica
   827 | D:2      | Reached XP level 3. HP: 18/18 MP: 4/4
  1096 | D:2      | Killed from afar by an orc wizard

Illustrated notes

Levels and vault maps discovered:
D:1:      erik_arrival_orb_chamber, layout_rooms, basic_ecumenical_altar,
          serial_forest, infiniplex_forest_end_2, infiniplex_forest_zigzag_1,
          infiniplex_forest_zigzag_1, infiniplex_forest_clump_small,
          infiniplex_forest_lined_room_, infiniplex_forest_straight_4,
          minmay_tree_intersection, serial_bayou_ford_a, minmay_misc_feat_five,
          nicolae_figureground_pulse
D:2:      layout_loops_ring, uniq_jessica

Skill      XL: |  1  2 |
---------------+-------+-----
Stealth        | 6 7 |  7.6
Fighting       | |  1.7
Short Blades   | |  2.4
Throwing       | |  2.3
Dodging        | |  1.6

Action                     || total
---------------------------++-------
  Melee: Dagger            ||   109
         Punch             ||     2
  Throw: Dart              ||     3
    Use: Scroll            ||     6
   Stab: Sleeping          ||    10
 Armour: Robe              ||    11
  Dodge: Dodged            ||    66
